 Dungeon Crawl Stone Soup version 0.30-a0-799-g109b55a442 (webtiles) character file.

Game seed: 13255390108376213486

70 hikkokomori the Digger (level 4, -5/25 HPs)
             Began as a Gargoyle Earth Elementalist on Feb 20, 2023.
             Slain by an ogre
             ... wielding a +0 giant club
              (30 damage)
             ... on level 3 of the Dungeon.
             The game lasted 00:02:57 (2209 turns).

hikkokomori the Digger (GrEE)                       Turns: 2209, Time: 00:02:57

Health: -5/25      AC:  6    Str: 12    XL:     4   Next: 22%
Magic:  3/8        EV: 11    Int: 17    God:
Gold:   143        SH:  0    Dex: 10    Spells: 4/8 levels left

rFire   . . .      SeeInvis .    c - +0 club
rCold   . . .      Faith    .    (no shield)
rNeg    + . .      Spirit   .    a - +0 robe
rPois   ∞          Reflect  .    (no helmet)
rElec   +          Harm     .    (no cloak)
rCorr   .          Rampage  .    t - +0 pair of gloves
Will    .....                    (no boots)
Stlth   ++                       (no amulet)
HPRegen 0.24/turn                g - ring of wizardry
MPRegen 0.11/turn                (no ring)

@: no status effects
A: sickness immunity, AC +3, negative energy resistance 1, electricity
resistance, torment resistance 1, petrification resistance
a: no special abilities


You were on level 3 of the Dungeon.
You visited 1 branch of the dungeon, and saw 3 of its levels.

You collected 143 gold pieces.

Inventory:

Hand Weapons
 c - a +0 club (weapon)
Armour
 a - a +0 robe (worn)
 t - a +0 pair of gloves (worn)
Jewellery
 g - a ring of wizardry (left hand)
Scrolls
 d - 6 scrolls of identify {unknown}
 e - a scroll of immolation {unknown}
 f - a scroll of brand weapon {unknown}
 i - 3 scrolls of fog {unknown}
 m - a scroll of blinking {unknown}
 n - a scroll of magic mapping {unknown}
 q - a scroll of teleportation {unknown}
 r - a scroll of fear {unknown}
 u - a scroll of acquirement {unknown}
Potions
 b - a potion of magic
 h - a potion of might {unknown}
 j - a potion of flight {unknown}
 k - a potion of resistance {unknown}
 l - a potion of lignification {unknown}
 o - 2 potions of degeneration {unknown}
 p - a potion of mutation {unknown}
 s - a potion of curing {unknown}


   Skills:
 + Level 1.0 Fighting
 - Level 1.5 Dodging
 - Level 2.1 Stealth
 + Level 2.8 Spellcasting
 + Level 1.0 Conjurations
 - Level 0.7 Transmutations
 + Level 4.8 Earth Magic


You had 4 spell levels left.
You knew the following spells:

 Your Spells              Type           Power      Damage    Failure   Level
a - Sandblast             Erth           36%        2d10      1%          1
b - Stone Arrow           Conj/Erth      24%        3d8       6%          3

Your spell library contained the following spells:

 Spells                   Type           Power      Damage    Failure   Level
 Passwall                 Tmut/Erth      9%         N/A       3%          2
 Scorch                   Fire           4%         2d5       11%         2
 Inner Flame              Hex/Fire       2%         N/A       21%         3
 Petrify                  Tmut/Erth      11%        N/A       22%         4
 Flame Wave               Conj/Fire      4%         2d5       47%         4
 Cause Fear               Hex            1%         N/A       54%         4
 Summon Cactus Giant      Summ           1%         N/A       100%        6
 Malign Gateway           Summ/Tloc      1%         N/A       100%        7
 Discord                  Hex            1%         N/A       100%        8
 Summon Horrible Things   Summ           1%         N/A       100%        8


Dungeon Overview and Level Annotations

Branches:
Dungeon (3/15)

Altars:
Makhleb

Shops:
D:2 (


Innate Abilities, Weirdness & Mutations

You are immune to sickness and miasma.
Your stone body is resilient. (AC +3)
You are immune to poison.
You resist negative energy. (rN+)
You are resistant to electric shocks. (rElec)
You are resistant to unholy torment.
You are immune to petrification.


Message History

You kill the goblin!
You hit the goblin.
The goblin is moderately wounded.
The goblin misses you.
You miss the goblin.
The goblin is moderately wounded.
The goblin hits you but does no damage. The goblin barely misses you.
Okay, then.
The blast of sand hits the goblin!
You kill the goblin!
The blast of sand hits the goblin.
You kill the goblin!
The goblin hits you but does no damage.
The blast of sand hits the goblin!
You kill the goblin!
The blast of sand hits the goblin.
You kill the goblin!
The goblin misses you.
The blast of sand hits the goblin.
You kill the goblin!
Your Conjurations skill increases to level 1!
You closely miss the goblin. The goblin hits you but does no damage.
You miss the goblin. The goblin barely misses you.
The goblin hits you but does no damage.
You miss the goblin. The goblin hits you but does no damage.
You closely miss the goblin. The goblin hits you with a +0 club.
You barely miss the goblin. The goblin hits you but does no damage.
The goblin completely misses you.
You hit the goblin.
You kill the goblin!
Casting: Sandblast (safe; 1% risk of failure)
Confirm with . or Enter, or press ? or * to list all spells.
Aiming: Sandblast (safe; 1% risk of failure)
Press: ? - help, Shift-Dir - straight line, f - ogre
Aim: an ogre, wielding a +0 giant club (91% to hit)
The blast of sand hits the ogre!
The ogre is heavily wounded.
The ogre hits you with a +0 giant club!!
Ouch! That really hurt!
You die...

#.#.....#.....# #..# #.#...
#.#.....#.....########..###.#.#.
#.#.....#.....#......#.........)
#.#.....#.##..#.#...............
#.#.....#.....#.#.##.#..###.####
#.##########.##.#.#.............
#.# #.............#.###.#### #.#
#######.#.#............. #.#
#@#.#...#.###.#.## #.#
#O#.#...#.# #.#.## #.#
#.#.#...#.###.#.## #.#
#.#.#...#.....#... #.#
#.#.#...#####.#### #.# #.#.#...#
#.# # #.# #.#.#...# ### # #.#
#.#.#...# # #.# #.#.#..<# #


You could see an ogre.

Vanquished Creatures
  An adder (D:3)
  A dart slug (D:3)
  An orc (D:3)
  6 ball pythons
  3 endoplasms
  3 giant cockroaches
  15 goblins
  4 hobgoblins
  2 quokkas
  4 bats
  3 frilled lizards
  4 kobolds (D:1)
  5 rats
52 creatures vanquished.

Notes
Turn   | Place    | Note
-------+----------+-------------------------------------------
     0 | D:1      | hikkokomori the Gargoyle Earth Elementalist began the quest
                  | for the Orb.
     0 | D:1      | Reached XP level 1. HP: 10/10 MP: 3/3
   108 | D:1      | Reached skill level 4 in Earth Magic
   117 | D:1      | Reached XP level 2. HP: 15/15 MP: 1/5
   502 | D:1      | Found a faded altar of an unknown god.
   569 | D:1      | Reached XP level 3. HP: 19/19 MP: 4/6
   851 | D:2      | Learned a level 3 spell: Stone Arrow
  1035 | D:2      | Found a burning altar of Makhleb.
  1193 | D:2      | Found Luihurph's Weapon Emporium.
  1907 | D:3      | Reached XP level 4. HP: 24/24 MP: 6/8
  2053 | D:3      | Reached skill level 1 in Fighting
  2180 | D:3      | Noticed an ogre
  2203 | D:3      | Reached skill level 1 in Conjurations
  2209 | D:3      | Slain by an ogre

Illustrated notes

Levels and vault maps discovered:
D:1:      elethiomel_arrival_diamonds, layout_rooms,
          chequers_ecumenical_altar_simple, minmay_pentomino_o4
D:2:      layout_loops_ring, basic_altar, serial_shops, nicolae_shop_crystal,
          guppyfry_early_lair_pool
D:3:      layout_basic, minmay_ogre_servants

Skill      XL: |  1  2  3  4 |
---------------+-------------+-----
Earth Magic    | 4 |  4.8
Fighting       | 1 |  1.0
Conjurations   | 1 |  1.0
Dodging        | |  1.5
Stealth        | |  2.1
Spellcasting   | |  2.8
Transmutations | |  0.7

Action                     |  1- 3 |  4- 6 || total
---------------------------+-------+-------++-------
  Melee: Unarmed           |    23 |       ||    23
         Club              |     1 |    11 ||    12
   Cast: Sandblast         |    49 |    12 ||    61
 Armour: Robe              |     6 |    10 ||    16
  Dodge: Dodged            |    21 |     9 ||    30

Table legend: (Time is in decaauts)
 A = Elapsed time spent in this place.
 B = Non-inter-level travel time spent in this place.
 C = Inter-level travel time spent in this place.
 D = Time resting spent in this place.
 E = Time spent auto-exploring this place.
 F = Levels seen in this place.
 G = Mean time per level.
                   A        B        C        D        E       F      G
               +--------+--------+--------+--------+--------+-----+--------+
         Total |   2242 |   2173 |     69 |      0 |   1868 |   3 |  747.3 |
       Dungeon |   2242 |   2173 |     69 |      0 |   1868 |   3 |  747.3 |
               +--------+--------+--------+--------+--------+-----+--------+

Top non-repeatable levels by time:
     D:3: 816 daAuts
     D:1: 793 daAuts
     D:2: 632 daAuts
